 Dungeon Crawl Stone Soup version 0.23.2-1-ga50397a (webtiles) character file.

Game seed: 5045676391901676929

20685 Kairos the Tainter (level 12, 0/92 HPs)
             Began as a Gnoll Wanderer on Apr 23, 2019.
             Was a Follower of Uskayaw.
             Slain by a polar bear (4 damage)
             ... in an ice cave.
             The game lasted 00:34:31 (18434 turns).

Kairos the Tainter (Gnoll Wanderer)                Turns: 18434, Time: 00:34:32

Health: 0/92       AC: 17    Str: 28    XL:     12   Next: 82%
Magic:  24/24      EV: 14    Int: 16    God:    Uskayaw [*.....]
Gold:   790        SH:  0    Dex: 12    Spells: 15/27 levels left

rFire    + + .     SeeInvis .   E - +3 quarterstaff of the Mind {chaos, rF+ MR+ Str+5}
rCold    + . .     Gourm    .   (shield currently unavailable)
rNeg     . . .     Faith    .   u - +3 scale mail
rPois    .         Spirit   .   L - +2 helmet
rElec    .         Reflect  .   o - scarf {rC+ rF+}
rCorr    .         Harm     .   p - +0 pair of gloves
MR       +....                  (no boots)
Stlth    ++........             (no amulet)
HPRegen  0.25/turn              (no ring)
MPRegen  0.19/turn              (no ring)

@: no status effects
A: distributed training, claws 1, fangs 1, iridescent scales 1, strong 1, strong
nose
a: Stomp, Renounce Religion


You were in an ice cave.
You worshipped Uskayaw.
Uskayaw was aware of your devotion.
You were not hungry.

You visited 2 branches of the dungeon, and saw 12 of its levels.
You also visited: Ice Cave.

You collected 790 gold pieces.

Inventory:

Hand Weapons
 e - a +1 mace of protection
 v - a +3 halberd of protection
 E - the +3 quarterstaff of the Mind (weapon) {chaos, rF+ MR+ Str+5}
   (You found it on level 8 of the Dungeon)

   Each time it hits an enemy it has a different, random effect.
   It affects your strength (+5).
   It protects you from fire.
   It affects your resistance to hostile enchantments.
 G - a +2 hand crossbow of flaming
 I - a cursed +4 dagger of freezing
 J - a +4 hand axe
 S - a +1 battleaxe of freezing
Missiles
 H - a tomahawk (quivered)
 P - 2 throwing nets
Armour
 o - a scarf of resistance (worn)
 p - a +0 pair of gloves (worn)
 u - a +3 scale mail (worn)
 K - a +0 cloak of poison resistance
 L - a +2 helmet (worn)
Magical Staves
 l - an uncursed staff of conjuration {unknown}
Jewellery
 s - an uncursed ring of fire
Wands
 i - a wand of random effects (15)
 q - a wand of flame (36)
 A - a wand of acid (7)
 M - a wand of polymorph (2)
Scrolls
 b - 4 scrolls of teleportation
 c - a scroll of vulnerability
 d - a scroll of enchant weapon
 h - 7 scrolls of remove curse
 j - a scroll of magic mapping
 k - 2 scrolls of immolation
 m - 4 scrolls of enchant armour
 r - 3 scrolls of fog
 t - a scroll of blinking
 x - 2 scrolls of fear
 y - a scroll of summoning
 C - a scroll of identify
 Q - a scroll of amnesia
Potions
 g - 2 potions of might
 n - 3 potions of flight
 w - a potion of invisibility
 z - 2 potions of brilliance
 B - a potion of agility
 D - a potion of mutation
 O - a potion of curing
 R - a potion of heal wounds
Miscellaneous
 F - a lightning rod (2/4)
 N - a lamp of fire (inert)
Comestibles
 a - 4 chunks of flesh
 f - 10 rations


   Skills:
 + Level 8.0 Fighting
 + Level 7.5 Short Blades
 + Level 7.5 Long Blades
 + Level 7.5 Axes
 + Level 7.5 Maces & Flails
 + Level 7.5 Polearms
 + Level 7.5 Staves
 + Level 7.5 Slings
 + Level 7.5 Bows
 + Level 7.5 Crossbows
 + Level 8.0 Throwing
 + Level 7.5 Armour
 + Level 8.0 Dodging
 + Level 7.9 Stealth
 + Level 8.0 Shields
 + Level 7.5 Unarmed Combat
 + Level 8.1 Spellcasting
 + Level 6.2 Conjurations
 + Level 6.2 Hexes
 + Level 6.2 Charms
 + Level 6.2 Summonings
 + Level 6.2 Necromancy
 + Level 6.2 Translocations
 + Level 6.2 Transmutations
 + Level 6.2 Fire Magic
 + Level 6.2 Ice Magic
 + Level 6.6 Air Magic
 + Level 6.2 Earth Magic
 + Level 8.4 Poison Magic
 + Level 8.2 Invocations
 + Level 7.5 Evocations


You had 15 spell levels left.
You knew the following spells:

 Your Spells              Type           Power        Failure   Level  Hunger
a - Poisonous Vapours     Pois/Air       ####..       1%          2    None
b - Swiftness             Chrm/Air       ####....     2%          2    None
c - Dazzling Spray        Conj/Hex       ####..       4%          3    #......
d - Blink                 Tloc           N/A          2%          2    None
e - Conjure Flame         Conj/Fire      ####....     4%          3    #......

Your spell library contained the following spells:

 Spells                   Type           Power        Failure   Level  Hunger
 Flame Tongue             Conj/Fire      ####.        1%          1    None
 Magic Dart               Conj           ####         1%          1    None
 Call Imp                 Summ           ####....     2%          2    None
 Searing Ray              Conj           ####..       2%          2    None
 Slow                     Hex            ####....     2%          2    None
 Mephitic Cloud           Conj/Pois/Air  ####....     3%          3    #......
 Cause Fear               Hex            ####......   17%         4    ###....
 Force Lance              Conj/Tloc      ####....     17%         4    ###....
 Fulminant Prism          Conj/Hex       ####......   17%         4    ###....
 Iskenderun's Mystic Bla  Conj           ####....     17%         4    ###....
 Bolt of Fire             Conj/Fire      ####......   95%         6    ######.
 Dragon Form              Tmut           ####......   100%        7    #######
 Dragon's Call            Summ           ####......   100%        9    #######


Dungeon Overview and Level Annotations

Branches:
Dungeon (9/15)             Temple (0/1) D:4            Lair (3/6) D:9
  Swamp: Lair:2-4    Shoals: Lair:2-4     Snake: Lair:2-4    Spider: Lair:2-4
    Orc: D:9-12

Altars:
Ashenzari
Elyvilon
Gozag
Makhleb
Qazlal
Sif Muna
Trog
Uskayaw
Xom


Innate Abilities, Weirdness & Mutations

Your experience applies equally to all skills.
You have very sharp teeth.
Your uncanny sense of smell can sniff out nearby items.
You have sharp fingernails.
You are partially covered in iridescent scales. (AC +2)
Your muscles are strong. (Str +2)


Message History

You hit something but do no damage. Something barely misses you. x2
Something claws you but does no damage. Something bites you!!
Something claws you but does no damage. x2
You closely miss something. Your bite misses something. Something bites you!
Something claws you. x2
You closely miss something. Something bites you.
Something claws you but does no damage. x2
Something bites you! Something claws you but does no damage.
Something barely misses you.
You hear an angry growl.
Something bites you. Something claws you. x2
Something bites you!!
* * * LOW HITPOINT WARNING * * *
Something claws you but does no damage. x2
Something completely misses you.
Something claws you but does no damage. x2
Evoke which item? (* to show all) (? for menu, Esc to quit)
Aiming: Corrosive Bolt
Press: ? - help, Shift-Dir - straight line Something bites you.
You die...

#........ ∆∆ #......# # #.....##
### #....## ###.. ###...## #...#
###..## ≈ ##..# ##..# ≈≈ ###.###
####.###≈≈≈##..#### ###
###≈@..#≈≈≈≈≈≈##...##
###†#####..####≈≈≈≈≈≈≈≈#..###
###..#.##..####≈≈≈≈≈≈≈≈≈≈###..#
#..####÷.####.#.##≈≈≈≈≈≈≈# ###.
###..# #######..##≈≈≈≈≈≈≈# ##
##...## ###....### ≈#≈≈≈## ###
#..⌠..###...#....######≈≈≈#####.#
##...###..####.....##..##≈≈##.#..
##......## ##......######≈.#...


There were no monsters in sight!

Vanquished Creatures
  A frost giant (IceCv)
  A minotaur (Lair:2)
  3 death yaks
  An unseen horror (shapeshifter) (IceCv)
  4 lindwurms (D:8)
  A cyclops (D:9)
  Maurice (D:9)
  An ice statue (IceCv)
  A spiny frog (Lair:1)
  A rime drake (IceCv)
  A komodo dragon (Lair:1)
  A queen bee (Lair:2)
  12 polar bears
  Prince Ribbit (D:5)
  Grinder (D:5)
  5 hippogriffs
  3 spriggans
  13 yaks
  A basilisk (Lair:2)
  A hungry ghost (D:7)
  The ghost of Tommers the Stinger, an amateur OpVM (D:4)
  3 water moccasins
  A soldier ant (D:8)
  3 porcupines
  An orc warrior (D:8)
  3 sky beasts
  2 ice beasts
  2 black bears (Lair:2)
  3 ogres
  2 phantoms
  3 centaurs
  19 wolves
  6 crocodiles (Lair:1)
  Blork the orc (D:5)
  10 bullfrogs
  A scorpion (D:7)
  3 wights (D:9)
  2 electric eels
  A howler monkey (D:4)
  6 crimson imps
  A quasit (D:7)
  4 hounds
  4 orc priests
  5 jellies
  3 bullfrog skeletons
  5 iguanas
  7 worker ants
  2 orc wizards (D:7)
  A hell rat (D:9)
  A killer bee zombie (D:8)
  A hound skeleton (D:4)
  3 worker ant zombies
  3 gnolls (D:5)
  2 river rats (D:9)
  13 adders
  2 hound simulacra (D:4)
  2 shadow imps (D:7)
  2 worker ant simulacra (D:4)
  An adder skeleton (D:5)
  4 worms
  A dart slug (D:4)
  5 leopard geckos
  24 orcs
  8 bats
  A giant cockroach (D:7)
  4 goblins
  11 hobgoblins
  21 jackals
  7 quokkas
  A ball python (D:1)
  5 frilled lizards
  A jackal skeleton (D:8)
  4 kobolds
  A leopard gecko zombie (D:5)
  6 rats
293 creatures vanquished.

Vanquished Creatures (others)
  3 polar bears (IceCv)
  3 yaks (IceCv)
  4 wolves (IceCv)
10 creatures vanquished.

Grand Total: 303 creatures vanquished

Notes
Turn   | Place    | Note
-------+----------+-------------------------------------------
     0 | D:1      | Kairos the Gnoll Wanderer began the quest for the Orb.
     0 | D:1      | Kairos set off with the following items: a +2 spear, a
                  | scroll of teleportation, a +0 robe, a ration; and the
                  | following spells available to memorise: Poisonous Vapours,
                  | Swiftness
     0 | D:1      | Reached XP level 1. HP: 17/17 MP: 4/4
    45 | D:1      | Reached XP level 2. HP: 19/23 MP: 5/5
   384 | D:1      | Reached XP level 3. HP: 27/28 MP: 7/7
   766 | D:2      | Learned a level 2 spell: Poisonous Vapours
   769 | D:2      | Learned a level 2 spell: Swiftness
   791 | D:2      | Reached skill level 1 in Invocations
  1097 | D:2      | Reached skill level 1 in Short Blades
  1097 | D:2      | Reached skill level 1 in Long Blades
  1097 | D:2      | Reached skill level 1 in Axes
  1097 | D:2      | Reached skill level 1 in Maces & Flails
  1097 | D:2      | Reached skill level 1 in Polearms
  1097 | D:2      | Reached skill level 1 in Staves
  1097 | D:2      | Reached skill level 1 in Slings
  1097 | D:2      | Reached skill level 1 in Bows
  1097 | D:2      | Reached skill level 1 in Crossbows
  1097 | D:2      | Reached skill level 1 in Armour
  1097 | D:2      | Reached skill level 1 in Unarmed Combat
  1097 | D:2      | Reached skill level 1 in Evocations
  1097 | D:2      | Reached XP level 4. HP: 23/34 MP: 8/8
  2144 | D:3      | Reached skill level 1 in Conjurations
  2144 | D:3      | Reached skill level 1 in Hexes
  2144 | D:3      | Reached skill level 1 in Charms
  2144 | D:3      | Reached skill level 1 in Summonings
  2144 | D:3      | Reached skill level 1 in Necromancy
  2144 | D:3      | Reached skill level 1 in Translocations
  2144 | D:3      | Reached skill level 1 in Transmutations
  2144 | D:3      | Reached skill level 1 in Fire Magic
  2144 | D:3      | Reached skill level 1 in Ice Magic
  2144 | D:3      | Reached skill level 1 in Earth Magic
  2175 | D:3      | Noticed a +0 hand axe
  2176 | D:3      | Noticed a +0 dagger
  2196 | D:3      | Found a hide-covered altar of Uskayaw.
  2404 | D:3      | Became a worshipper of Uskayaw the Reveler
  2474 | D:4      | Reached * piety under Uskayaw
  2480 | D:4      | Reached XP level 5. HP: 40/40 MP: 9/9
  2493 | D:4      | Found a runed translucent gate.
  2493 | D:4      | Found a runed translucent gate.
  2494 | D:4      | Found a runed translucent gate.
  2506 | D:4      | Reached ** piety under Uskayaw
  2515 | D:4      | Noticed an ice beast
  2523 | D:4      | Found a shimmering altar of Xom.
  2745 | D:4      | Reached *** piety under Uskayaw
  2803 | D:4      | Found a staircase to the Ecumenical Temple.
  2806 | D:4      | Reached XP level 6. HP: 40/47 MP: 10/10
  3033 | D:4      | Noticed Tommers's ghost (amateur OpVM)
  3453 | D:4      | Killed an ice beast
  3618 | D:4      | Killed Tommers's ghost
  3618 | D:4      | Reached XP level 7. HP: 21/52 MP: 10/12
  3618 | D:4      | Reached **** piety under Uskayaw
  3867 | D:5      | Entered Level 5 of the Dungeon
  4676 | D:5      | Noticed Blork the orc
  4688 | D:5      | Killed Blork the orc
  4779 | D:5      | Noticed Prince Ribbit
  4810 | D:5      | Killed Prince Ribbit
  4810 | D:5      | Reached XP level 8. HP: 30/60 MP: 10/14
  5025 | D:5      | Noticed Grinder
  5046 | D:5      | Paralysed by Grinder for 4 turns
  5053 | D:5      | Killed Grinder
  5662 | D:6      | Found a shattered altar of Ashenzari.
  5966 | D:6      | Reached XP level 9. HP: 35/66 MP: 16/16
  6581 | D:7      | Reached skill level 5 in Spellcasting
  6686 | D:7      | Reached skill level 5 in Fighting
  6686 | D:7      | Reached skill level 5 in Throwing
  6686 | D:7      | Reached skill level 5 in Dodging
  6686 | D:7      | Reached skill level 5 in Shields
  6959 | D:7      | Gained mutation: You are somewhat resistant to further
                  | mutation. [potion of mutation]
  6959 | D:7      | Gained mutation: Your magical capacity is low. (-10% MP)
                  | [potion of mutation]
  6959 | D:7      | Gained mutation: You have a pair of small horns on your
                  | head. [potion of mutation]
  6960 | D:7      | Lost mutation: You are somewhat resistant to further
                  | mutation. [potion of mutation]
  6960 | D:7      | Lost mutation: You have a pair of small horns on your head.
                  | [potion of mutation]
  6960 | D:7      | Lost mutation: Your magical capacity is low. (-10% MP)
                  | [potion of mutation]
  6960 | D:7      | Gained mutation: You possess an exceptional clarity of
                  | mind. [potion of mutation]
  6960 | D:7      | Gained mutation: You have sharp fingernails. [potion of
                  | mutation]
  6960 | D:7      | Gained mutation: Your magical capacity is low. (-10% MP)
                  | [potion of mutation]
  6960 | D:7      | Gained mutation: You are robust. (+10% HP) [potion of
                  | mutation]
  6963 | D:7      | Found a deep blue altar of Sif Muna.
  6970 | D:7      | Found a bloodstained altar of Trog.
  6971 | D:7      | Found a shattered altar of Ashenzari.
  6973 | D:7      | Found an opulent altar of Gozag.
  7049 | D:7      | Reached skill level 5 in Stealth
  7084 | D:7      | Found a burning altar of Makhleb.
  7168 | D:8      | Noticed a lindwurm
  7215 | D:8      | Reached skill level 5 in Invocations
  7449 | D:8      | Reached XP level 10. HP: 73/81 MP: 16/16
  7776 | D:8      | Noticed a lindwurm
  7790 | D:8      | Noticed a lindwurm
  7807 | D:8      | Noticed a lindwurm
  8161 | D:8      | Killed a lindwurm
  8161 | D:8      | Reached skill level 5 in Short Blades
  8161 | D:8      | Reached skill level 5 in Long Blades
  8161 | D:8      | Reached skill level 5 in Axes
  8161 | D:8      | Reached skill level 5 in Maces & Flails
  8161 | D:8      | Reached skill level 5 in Polearms
  8161 | D:8      | Reached skill level 5 in Staves
  8161 | D:8      | Reached skill level 5 in Slings
  8161 | D:8      | Reached skill level 5 in Bows
  8161 | D:8      | Reached skill level 5 in Crossbows
  8161 | D:8      | Reached skill level 5 in Armour
  8161 | D:8      | Reached skill level 5 in Unarmed Combat
  8161 | D:8      | Reached skill level 5 in Evocations
  8161 | D:8      | HP: 4/124 [lindwurm/blast of flame (32)]
  8166 | D:8      | Killed a lindwurm
  8167 | D:8      | HP: 2/124 [lindwurm (6)]
  8168 | D:8      | Reached ***** piety under Uskayaw
  8171 | D:8      | Killed a lindwurm
  8173 | D:8      | Killed a lindwurm
  8173 | D:8      | Reached skill level 5 in Air Magic
  8734 | D:8      | Got a steaming quarterstaff
  8739 | D:8      | Identified the cursed +3 quarterstaff of the Mind {chaos,
                  | rF+ MR+ Str+5} (You found it on level 8 of the Dungeon)
  8949 | D:9      | Found a white marble altar of Elyvilon.
  9250 | D:9      | Noticed a death yak
  9252 | D:9      | Found a staircase to the Lair.
  9252 | D:9      | Noticed a death yak
  9253 | D:9      | Noticed a death yak
  9280 | D:9      | Killed a death yak
  9280 | D:9      | Reached XP level 11. HP: 51/90 MP: 18/18
  9285 | D:9      | Noticed an emperor scorpion
  9285 | D:9      | a death yak changed into an emperor scorpion
  9292 | D:9      | HP: 1/90 [emperor scorpion (4)]
  9301 | D:9      | Noticed Maurice
 10040 | D:9      | Killed a death yak
 10365 | D:9      | Found a stormy altar of Qazlal.
 10727 | D:9      | Killed Maurice
 10848 | D:9      | Noticed a cyclops
 10856 | D:9      | Killed a cyclops
 10856 | D:9      | Reached skill level 5 in Conjurations
 10856 | D:9      | Reached skill level 5 in Hexes
 10856 | D:9      | Reached skill level 5 in Charms
 10856 | D:9      | Reached skill level 5 in Summonings
 10856 | D:9      | Reached skill level 5 in Necromancy
 10856 | D:9      | Reached skill level 5 in Translocations
 10856 | D:9      | Reached skill level 5 in Transmutations
 10856 | D:9      | Reached skill level 5 in Fire Magic
 10856 | D:9      | Reached skill level 5 in Ice Magic
 10856 | D:9      | Reached skill level 5 in Earth Magic
 11231 | D:9      | Learned a level 3 spell: Dazzling Spray
 11459 | D:9      | Noticed a storm dragon
 11459 | D:9      | an emperor scorpion changed into a storm dragon
 11808 | Lair:1   | Entered Level 1 of the Lair of Beasts
 12207 | Lair:1   | HP: 4/91 [komodo dragon (25)]
 12733 | Lair:1   | Learned a level 2 spell: Blink
 13822 | Lair:2   | Noticed a five-headed hydra
 13828 | Lair:2   | Noticed a storm dragon
 13828 | Lair:2   | a five-headed hydra changed into a storm dragon
 13831 | Lair:2   | Noticed a minotaur
 13831 | Lair:2   | a storm dragon changed into a minotaur
 13843 | Lair:2   | Killed a minotaur
 14742 | Lair:2   | Reached ****** piety under Uskayaw
 14785 | Lair:2   | Reached XP level 12. HP: 53/100 MP: 20/20
 15026 | Lair:3   | Learned a level 3 spell: Conjure Flame
 15091 | Lair:3   | Found a frozen archway.
 15136 | IceCv    | Entered an ice cave
 15414 | IceCv    | Lost mutation: You possess an exceptional clarity of mind.
                  | [potion of mutation]
 15414 | IceCv    | Lost mutation: You are robust. (+10% HP) [potion of
                  | mutation]
 15414 | IceCv    | Lost mutation: Your magical capacity is low. (-10% MP)
                  | [potion of mutation]
 15414 | IceCv    | Gained mutation: Your muscles are strong. (Str +2) [potion
                  | of mutation]
 15414 | IceCv    | Gained mutation: You are partially covered in iridescent
                  | scales. (AC +2) [potion of mutation]
 18295 | IceCv    | Noticed a frost giant
 18295 | IceCv    | Noticed a death yak
 18330 | IceCv    | Killed a frost giant
 18334 | IceCv    | Killed a death yak
 18431 | IceCv    | HP: 3/92 [something (25)]
 18434 | IceCv    | Slain by a polar bear

Skill      XL: |  1  2  3  4  5  6  7  8  9 10 11 12 |
---------------+-------------------------------------+-----
Air Magic      | 2 3 4 5 6 |  6.6
Invocations    | 1 2 3 4 5 6 7 8 |  8.2
Short Blades   | 1 2 3 4 5 6 7 |  7.5
Long Blades    | 1 2 3 4 5 6 7 |  7.5
Axes           | 1 2 3 4 5 6 7 |  7.5
Maces & Flails | 1 2 3 4 5 6 7 |  7.5
Polearms       | 1 2 3 4 5 6 7 |  7.5
Staves         | 1 2 3 4 5 6 7 |  7.5
Slings         | 1 2 3 4 5 6 7 |  7.5
Bows           | 1 2 3 4 5 6 7 |  7.5
Crossbows      | 1 2 3 4 5 6 7 |  7.5
Armour         | 1 2 3 4 5 6 7 |  7.5
Unarmed Combat | 1 2 3 4 5 6 7 |  7.5
Evocations     | 1 2 3 4 5 6 7 |  7.5
Spellcasting   | 3 4 5 6 7 8 |  8.1
Conjurations   | 1 2 3 4 5 6 |  6.2
Hexes          | 1 2 3 4 5 6 |  6.2
Charms         | 1 2 3 4 5 6 |  6.2
Summonings     | 1 2 3 4 5 6 |  6.2
Necromancy     | 1 2 3 4 5 6 |  6.2
Translocations | 1 2 3 4 5 6 |  6.2
Transmutations | 1 2 3 4 5 6 |  6.2
Fire Magic     | 1 2 3 4 5 6 |  6.2
Ice Magic      | 1 2 3 4 5 6 |  6.2
Earth Magic    | 1 2 3 4 5 6 |  6.2
Fighting       | 3 4 5 6 7 8 |  8.0
Throwing       | 3 4 5 6 7 8 |  8.0
Dodging        | 3 4 5 6 7 8 |  8.0
Shields        | 3 4 5 6 7 8 |  8.0
Stealth        | 3 4 5 6 7 |  7.9
Poison Magic   | 6 7 8 |  8.4

Action                   |  1- 3 |  4- 6 |  7- 9 | 10-12 || total
-------------------------+-------+-------+-------+-------++-------
Melee: Spear             |   128 |    47 |       |       ||   175
       Bite              |     5 |    16 |    48 |    88 ||   157
       Punch             |     1 |     1 |       |       ||     2
       Mace              |       |    91 |    14 |     2 ||   107
       Halberd           |       |       |   425 |   108 ||   533
       Quarterstaff      |       |       |       |   474 ||   474
       Hand axe          |       |       |       |    15 ||    15
Throw: Tomahawk          |       |       |       |     3 ||     3
 Cast: Poisonous Vapours |     1 |    10 |     4 |       ||    15
       Swiftness         |       |     3 |     5 |     1 ||     9
       Dazzling Spray    |       |       |       |     3 ||     3
       Blink             |       |       |       |     2 ||     2
Invok: Stomp             |       |       |       |     1 ||     1
Evoke: Wand              |       |       |       |    15 ||    15
       Lightning rod     |       |       |       |     5 ||     5
       Lamp of fire      |       |       |       |     1 ||     1
  Use: Scroll            |     1 |     1 |    16 |     8 ||    26
       Potion            |       |       |     4 |    11 ||    15
 Stab: Sleeping          |     3 |     1 |     5 |     2 ||    11
       Paralysed         |       |     1 |     7 |    37 ||    45
       Confused          |       |       |       |     1 ||     1
       Petrified         |       |       |       |     3 ||     3
       Distracted        |       |       |       |     2 ||     2
       Petrifying        |       |       |       |     1 ||     1
  Eat: Chunk             |     1 |     7 |    11 |    11 ||    30
       Ration            |       |       |     2 |     7 ||     9
Armor: Robe              |     2 |       |       |       ||     2
       Ring mail         |    39 |    64 |    23 |       ||   126
       Scale mail        |       |       |   205 |   287 ||   492
       Skin              |       |       |       |    29 ||    29
Dodge: Dodged            |    72 |    82 |   280 |   408 ||   842
